 Dungeon Crawl Stone Soup version 0.31-a0-731-ga75f04deac (webtiles) character file.

Game seed: 5469267916546202802

123 Ijustatesigmund the Magician (level 4, 0/25 HPs)
             Began as a Deep Elf Fire Elementalist on Sept 12, 2023.
             Slain by Grinder (3 damage)
             ... while paralysed by Grinder
             ... on level 3 of the Dungeon.
             The game lasted 00:04:11 (3075 turns).

Ijustatesigmund the Magician (DEFE)                 Turns: 3075, Time: 00:04:12

Health: 0/25       AC:  4    Str:  5    XL:     4   Next: 80%
Magic:  15/21      EV:  2    Int: 22    God:
Gold:   89         SH:  0    Dex: 15    Spells: 4/11 levels left

rFire   . . .        n - +0 hand axe (venom)
rCold   . . .        (no shield)
rNeg    . . .        a - +0 robe
rPois   .            (no helmet)
rElec   .            k - +0 cloak
rCorr   +            f - +0 pair of gloves
SInv    .            (no boots)
Will    .....        (no amulet)
Stlth   ++           g - ring of magical power
HPRegen 0.24/turn    q - ring of resist corrosion
MPRegen 0.17/turn

%: no passive effects
@: paralysed
A: no striking features
a: no special abilities


You were on level 3 of the Dungeon.
You visited 1 branch of the dungeon, and saw 3 of its levels.

You collected 125 gold pieces.
You spent 36 gold pieces at shops.

Inventory:

Hand Weapons
 n - a +0 hand axe of venom (weapon)
Missiles
 e - 4 curare-tipped darts
Armour
 a - a +0 robe (worn)
 f - a +0 pair of gloves (worn)
 k - a +0 cloak (worn)
Jewellery
 g - a ring of magical power (left hand)
 o - a ring of flight
 q - a ring of resist corrosion (right hand)
Wands
 d - a wand of polymorph (1)
Potions
 b - a potion of magic
 c - a potion of attraction
 h - a potion of resistance
 i - a potion of might
 j - 2 potions of curing
 l - a potion of ambrosia
 m - a potion of lignification {unknown}
 p - a potion of brilliance {unknown}


   Skills:
 + Level 1.5 Fighting
 - Level 2.4 Dodging
 - Level 2.4 Stealth
 + Level 4.2 Spellcasting
 + Level 2.7 Conjurations
 + Level 4.2 Fire Magic


You had 4 spell levels left.
You knew the following spells:

 Your Spells              Type           Power      Damage    Failure   Level
a - Foxfire               Conj/Fire      76%        2x1d7     2%          1
b - Scorch                Fire           46%        2d6       3%          2
c - Flame Wave            Conj/Fire      19%        2d7       26%         4

Your spell library contained the following spells:

 Spells                   Type           Power      Damage    Failure   Level
 Inner Flame              Hex/Fire       13%        N/A       14%         3
 Volatile Blastmotes      Fire/Tloc      26%        2d12      14%         3
 Wereblood                Tmut           4%         N/A       17%         2
 Irradiate                Conj/Tmut      5%         3d13      87%         5


Dungeon Overview and Level Annotations

Branches:
Dungeon (3/15)

Altars:

Shops:
D:1 !

Annotations:
D:3 Grinder


Message History

There is an open door here.
There is an open door here.
As you open the door, it creaks loudly!
There is an open door here.
You now have 89 gold pieces (gained 15).
You open the large door.
A bat comes into view.
There is a large open door here.
There is a large open door here.
Found a stone staircase leading down.
Casting: Scorch (safe; 3% risk of failure)
Confirm with . or Enter, or press ? or * to list all spells.
Flames lash the bat.
You kill the bat!
You hear a shout!
Grinder comes into view.
She is carrying a wand of flame.
Casting: Scorch (safe; 3% risk of failure)
Confirm with . or Enter, or press ? or * to list all spells.
You conjure some foxfire!
The foxfire hits Grinder but does no damage.
The foxfire hits Grinder.
Grinder is lightly wounded.
Casting: Foxfire (safe; 2% risk of failure)
Confirm with . or Enter, or press ? or * to list all spells.
Flames lash Grinder.
Grinder is moderately wounded.
Grinder's fire resistance burns away.
Grinder blinks!
Grinder zaps a wand.
The puff of flame hits you!
Casting: Scorch (safe; 3% risk of failure)
Confirm with . or Enter, or press ? or * to list all spells.
Flames lash Grinder.
Grinder is burned terribly!
Grinder is heavily wounded.
Grinder gestures at you.
You suddenly lose the ability to move!
Grinder hits you.
You writhe in agony.
Grinder hits you.
* * * LOW HITPOINT WARNING * * *
You writhe in agony.
You die...
Grinder says, "Now the real fun starts!"

#.. ####
#################
#....##.........#
.###....##.........##
>.....5.''..........###
###...@##............#
#†...##.........##.##
#######.........##..#
###########.... #....
#.... .....###
......### .........


You could see Grinder (combustible).

Vanquished Creatures
  An orc wizard (D:3)
  2 adders (D:2)
  4 gnolls
  3 orcs (D:3)
  3 bats
  4 endoplasms
  3 goblins
  4 hobgoblins
  A kobold (D:3)
  4 quokkas
  4 ball pythons
  3 frilled lizards (D:1)
  6 rats
42 creatures vanquished.

Vanquished Creatures (others)
  119 foxfires
119 creatures vanquished.

Grand Total: 161 creatures vanquished

Notes
Turn   | Place    | Note
-------+----------+-------------------------------------------
     0 | D:1      | Ijustatesigmund the Deep Elf Fire Elementalist began the
                  | quest for the Orb.
     0 | D:1      | Reached XP level 1. HP: 10/10 MP: 6/6
   398 | D:1      | Found Buji's Distillery.
   448 | D:1      | Reached XP level 2. HP: 16/16 MP: 8/8
   493 | D:1      | Bought a potion of curing for 36 gold pieces
   953 | D:2      | Found a faded altar of an unknown god.
   986 | D:2      | Reached XP level 3. HP: 14/20 MP: 10/10
  1478 | D:2      | Learned a level 2 spell: Scorch
  1499 | D:2      | Reached skill level 1 in Fighting
  1888 | D:3      | Reached XP level 4. HP: 25/25 MP: 11/11
  2551 | D:3      | Learned a level 4 spell: Flame Wave
  3065 | D:3      | Noticed Grinder
  3072 | D:3      | Paralysed by Grinder for 5 turns
  3075 | D:3      | Slain by Grinder

Illustrated notes

Levels and vault maps discovered:
D:1:      dpeg_arrival_rooms_a, layout_rooms, serial_shops, nicolae_shop_stone
D:2:      layout_loops_ring, ebering_ecumenical_altar_petrified
D:3:      layout_basic, uniq_grinder

Skill      XL: |  1  2  3  4 |
---------------+-------------+-----
Fighting       | 1 |  1.5
Conjurations   | 2 |  2.7
Spellcasting   | 4 |  4.2
Fire Magic     | 4 |  4.2
Dodging        | |  2.4
Stealth        | |  2.4

Action                     |  1- 3 |  4- 6 || total
---------------------------+-------+-------++-------
  Melee: Hand axe          |       |     3 ||     3
   Cast: Foxfire           |    48 |    26 ||    74
         Scorch            |     7 |     9 ||    16
  Evoke: Wand              |       |     1 ||     1
    Use: Scroll            |     4 |     2 ||     6
 Armour: Robe              |    10 |    10 ||    20
  Dodge: Dodged            |     7 |     5 ||    12

Table legend: (Time is in decaauts)
 A = Elapsed time spent in this place.
 B = Non-inter-level travel time spent in this place.
 C = Inter-level travel time spent in this place.
 D = Time resting spent in this place.
 E = Time spent auto-exploring this place.
 F = Levels seen in this place.
 G = Mean time per level.
                   A        B        C        D        E       F      G
               +--------+--------+--------+--------+--------+-----+--------+
         Total |   3076 |   3003 |     73 |   1203 |   1453 |   3 | 1025.3 |
       Dungeon |   3076 |   3003 |     73 |   1203 |   1453 |   3 | 1025.3 |
               +--------+--------+--------+--------+--------+-----+--------+

Top non-repeatable levels by time:
     D:3: 1151 daAuts
     D:2: 1135 daAuts
     D:1: 788 daAuts
